 Dungeon Crawl Stone Soup version 0.28.0-53-g5a82cb258f (webtiles) character file.

Game seed: 12471801564492443013

267 Descartes the Shield-Bearer (level 6, -2/48 HPs)
             Began as a Formicid Fighter on Aug 21, 2022.
             Slain by Sigmund
             ... wielding a +0 vampiric scythe
              (11 damage)
             ... on level 3 of the Dungeon on Aug 22, 2022.
             The game lasted 00:06:47 (3166 turns).

Descartes the Shield-Bearer (Formicid Fighter)      Turns: 3166, Time: 00:06:47

Health: -2/48      AC:  7    Str: 21    XL:     6   Next: 45%
Magic:  7/7        EV: 10    Int:  9    God:
Gold:   102        SH:  5    Dex: 10    Spells: 7/7 levels left

rFire   . . .      SeeInvis +   a - +1 war axe
rCold   + . .      Faith    .   c - +0 buckler
rNeg    . . .      Spirit   .   j - +2 ring mail {rC+}
rPois   .          Reflect  .   (helmet unavailable)
rElec   .          Harm     .   (no cloak)
rCorr   .          Rampage  .   (no gloves)
Will    .....                   (no boots)
Stlth   ..........              (no amulet)
HPRegen 0.16/turn               (no ring)
MPRegen 0.10/turn               (no ring)

@: no status effects
A: permanent stasis, dig shafts and tunnels, antennae 3, four strong arms
a: Dig, Shaft Self


You were on level 3 of the Dungeon.
You visited 1 branch of the dungeon, and saw 3 of its levels.
You also visited: Sewer.

You collected 102 gold pieces.

Inventory:

Hand Weapons
 a - a +1 war axe (weapon)
Missiles
 g - 87 stones
 h - 11 poisoned darts
 m - 43 arrows
 q - 16 bolts
Armour
 b - a +0 scale mail
 c - a +0 buckler (worn)
 j - a +2 ring mail of cold resistance (worn)
Jewellery
 o - an amulet of faith
Wands
 t - a wand of flame (16)
Scrolls
 i - a scroll of amnesia
 n - 2 scrolls of identify {unknown}
 p - a scroll of fog {unknown}
 r - a scroll of teleportation {unknown}
Potions
 d - 2 potions of might
 e - 2 potions of mutation {unknown}
 f - a potion of brilliance {unknown}
 k - a potion of magic {unknown}
 l - 5 potions of heal wounds {unknown}
 s - a potion of invisibility {unknown}


   Skills:
 + Level 3.7 Fighting
 + Level 2.7(3.1) Axes
 + Level 1.4(2.3) Maces & Flails
 + Level 1.4(2.3) Polearms
 * Level 4.3 Armour
 * Level 4.9 Shields
 + Level 1.1 Spellcasting
 + Level 1.3 Translocations
 + Level 1.6 Evocations


You had 7 spell levels left.
You didn't know any spells.
Your spell library was empty.

Dungeon Overview and Level Annotations

Branches:
Dungeon (3/15)              Sewer (visited)

Altars:

Annotations:
D:3 Sigmund


Innate Abilities, Weirdness & Mutations

You cannot be hasted, slowed, berserked, paralysed or teleported.
You can dig through walls and to a lower floor.
You have a pair of large antennae on your head. (SInv)
Your four strong arms can wield two-handed weapons with a shield.


Message History

An orc comes into view. It is wielding a +0 short sword.
The orc shouts!
Sigmund casts a spell at you. The puff of flame misses you.
Sigmund hits you with a +0 vampiric scythe.
You hit Sigmund.
Sigmund is lightly wounded.
You barely miss the orc. The orc hits you with a +0 short sword.
Sigmund hits you with a +0 vampiric scythe!
Sigmund draws strength from your wounds!
You hit Sigmund but do no damage. You slash the orc!
You kill the orc!
Sigmund hits you with a +0 vampiric scythe.
You barely miss Sigmund. You slash Sigmund!
Sigmund is moderately wounded.
Sigmund casts a spell at you. The magic dart hits you!
Sigmund hits you with a +0 vampiric scythe!
* * * LOW HITPOINT WARNING * * *
You are too injured to fight recklessly!
You are too injured to fight recklessly!
You are too injured to fight recklessly!
You are too injured to fight recklessly!
You are too injured to fight recklessly!
You are too injured to fight recklessly!
You are too injured to fight recklessly!
You are too injured to fight recklessly!
You are too injured to fight recklessly!
You are too injured to fight recklessly!
You are too injured to fight recklessly!
You are too injured to fight recklessly!
You are too injured to fight recklessly!
You are too injured to fight recklessly!
You are too injured to fight recklessly!
Unknown command.
You slash Sigmund!
Sigmund is severely wounded.
Sigmund hits you with a +0 vampiric scythe!
You die...

******,***,***
*,,..,,,,*,*
*###.,*,,,,,*
*...,,,,,,***
*..,,#*,,**
*.##.#*,,,* ******
########....##**,*
,,,,,* #....[.)@....#
*,* ****,*
#......@#**,** *,* *,*
#.......# *,* *,***
*,* #..!....# *,#
*,,,*
****,***##.......###.#
***,*
,,,,,,....$<........>#
*,*
****,*##.#........####
*,* *,*
#,#...........# *,*
*,* *,#.......#...#
*,* *,*
*,#######.#.### *,*


You could see Sigmund.

Vanquished Creatures
  Pargi (Sewer)
  Terence (D:3)
  A hound skeleton (D:3)
  3 adders
  3 river rats (D:3)
  5 worms
  2 orcs
  9 ball pythons
  5 bats
  5 endoplasms
  6 giant cockroaches
  3 goblins
  4 hobgoblins (D:1)
  A jackal (D:1)
  6 kobolds
  8 frilled lizards
  10 rats
73 creatures vanquished.

Notes
Turn   | Place    | Note
-------+----------+-------------------------------------------
     0 | D:1      | Descartes the Formicid Fighter began the quest for the Orb.
     0 | D:1      | Reached XP level 1. HP: 18/18 MP: 1/1
   187 | D:1      | Reached XP level 2. HP: 24/24 MP: 2/2
   468 | D:1      | Reached XP level 3. HP: 27/29 MP: 3/3
  1257 | D:2      | Reached skill level 1 in Evocations
  1558 | D:2      | Reached XP level 4. HP: 35/35 MP: 4/4
  1591 | D:2      | Reached skill level 1 in Polearms
  1739 | D:2      | Found a faded altar of an unknown god.
  2179 | D:3      | Found a glowing drain.
  2192 | D:3      | Reached XP level 5. HP: 16/41 MP: 5/5
  2293 | Sewer    | Entered a sewer
  2302 | Sewer    | Reached skill level 1 in Maces & Flails
  2446 | Sewer    | Noticed Pargi
  2457 | Sewer    | Killed Pargi
  2458 | Sewer    | Reached skill level 1 in Spellcasting
  2458 | Sewer    | Reached skill level 1 in Translocations
  2458 | Sewer    | Reached XP level 6. HP: 18/47 MP: 5/7
  2969 | D:3      | Noticed Terence
  2986 | D:3      | Killed Terence
  3158 | D:3      | Noticed Sigmund
  3166 | D:3      | Slain by Sigmund

Illustrated notes

Levels and vault maps discovered:
D:1:      mrwooster_arrival_statue_3, layout_loops_ring, minmay_misc_feat_iff,
          hangedman_decor_lopped, minmay_misc_feat_more_columns,
          minmay_indecisive_spiral
D:2:      layout_basic, hellmonk_ecumenical_altar_heavens_door
D:3:      layout_basic, portal_sewer_entry_e, uniq_terence, uniq_sigmund

Skill      XL: |  1  2  3  4  5 |
---------------+----------------+-----
Shields        | 4 |  4.9
Evocations     | 1 |  1.6
Polearms       | 1 |  1.4
Maces & Flails | 1 |  1.4
Armour         | 4 |  4.3
Spellcasting   | 1 |  1.1
Translocations | 1 |  1.3
Fighting       | |  3.7
Axes           | |  2.7

Action                   |  1- 3 |  4- 6 || total
-------------------------+-------+-------++-------
Melee: War axe           |   105 |   119 ||   224
  Use: Scroll            |       |     3 ||     3
Armor: Scale mail        |    46 |       ||    46
       Ring mail         |     9 |    55 ||    64
Dodge: Dodged            |    60 |    79 ||   139
Block: Buckler           |    21 |    28 ||    49
